 Dungeon Crawl Stone Soup version 0.31.0-4-g52a2dc7128 (webtiles) character file.

Game seed: 13661336380557575828

2840 Jase the Cleaver (level 9, -8/73 HPs)
             Began as a Hill Orc Monk on Jan 23, 2024.
             Was a Follower of Uskayaw.
             Engulfed by a fire crab's flame (9 damage)
             ... on level 8 of the Dungeon.
             The game lasted 00:17:01 (7704 turns).

Jase the Cleaver (Hill Orc Monk)                    Turns: 7704, Time: 00:17:02

Health: -8/73      AC: 10    Str: 18    XL:     9   Next: 74%
Magic:  15/15      EV: 18    Int: 10    God:    Uskayaw [*.....]
Gold:   527        SH:  0    Dex: 13    Spells: 8/8 levels left

rFire   . . .        a - +0 hand axe
rCold   . . .        d - orb {light}
rNeg    . . .        k - +0 chain mail
rPois   .            (no helmet)
rElec   .            x - scarf {repulsion}
rCorr   .            (no gloves)
SInv    .            (no boots)
Will    .....        (no amulet) Stlth
                     r - +5 ring of evasion
HPRegen 0.32/turn    h - +5 ring of evasion
MPRegen 0.14/turn

%: repel missiles
@: glowing
A: no striking features
a: Renounce Religion, Stomp


You were on level 8 of the Dungeon.
You worshipped Uskayaw.
Uskayaw was aware of your devotion.
You visited 2 branches of the dungeon, and saw 9 of its levels.
You also visited: Ossuary.

You collected 527 gold pieces.

Inventory:

Hand Weapons
 a - a +0 hand axe (weapon)
 b - a +0 battleaxe
 H - a +2 whip of flaming
Missiles
 u - 33 stones (quivered)
 v - 4 boomerangs
 F - 9 poisoned darts
 O - 2 curare-tipped darts
Armour
 d - an orb of light (worn)
 k - a +0 chain mail (worn)
 x - a scarf of repulsion (worn)
Jewellery
 h - a +5 ring of evasion (right hand)
 r - a +5 ring of evasion (left hand)
 t - a ring of ice
 E - a ring of positive energy
Wands
 A - a wand of polymorph (9)
 C - a wand of iceblast (10)
 G - a wand of charming (8)
 N - a wand of mindburst (9)
Scrolls
 e - a scroll of silence {unknown}
 j - 5 scrolls of amnesia {unknown}
 l - a scroll of enchant weapon {unknown}
 n - 2 scrolls of blinking {unknown}
 o - 3 scrolls of enchant armour {unknown}
 y - 4 scrolls of immolation {unknown}
 z - 9 scrolls of identify {unknown}
 B - a scroll of teleportation {unknown}
 L - a scroll of vulnerability {unknown}
 P - a scroll of acquirement {unknown}
Potions
 c - a potion of ambrosia
 f - a potion of degeneration {unknown}
 g - 4 potions of mutation {unknown}
 i - a potion of cancellation {unknown}
 m - a potion of berserk rage {unknown}
 p - 2 potions of lignification {unknown}
 q - 2 potions of attraction {unknown}
 s - 8 potions of curing {unknown}
 w - a potion of invisibility {unknown}
 D - a potion of might {unknown}
 I - 3 potions of heal wounds {unknown}
 J - 2 potions of brilliance {unknown}
 K - a potion of magic {unknown}
 M - a potion of haste {unknown}


   Skills:
 + Level 4.9 Fighting
 + Level 13.0 Axes
 - Level 6.0 Armour
 - Level 2.4 Dodging
 + Level 8.1 Invocations


You had 8 spell levels left.
You didn't know any spells.
Your spell library contained the following spells:

 Spells                   Type           Power      Damage    Failure   Level
 Necrotise                Necr           0%         1d4       97%         1
 Summon Small Mammal      Summ           0%         N/A       97%         1
 Call Canine Familiar     Summ           0%         N/A       100%        3
 Ozocubu's Armour         Ice            0%         N/A       100%        3
 Vampiric Draining        Necr           0%         2d6       100%        3
 Martyr's Knell           Necr/Summ      0%         N/A       100%        4
 Summon Blazeheart Golem  Fire/Summ      0%         N/A       100%        4
 Curse of Agony           Necr           0%         N/A       100%        5
 Metabolic Englaciation   Hex/Ice        0%         N/A       100%        5
 Sculpt Simulacrum        Ice/Alch       0%         N/A       100%        6


Dungeon Overview and Level Annotations

Branches:
Dungeon (8/15)             Temple (1/1) D:5            Lair (0/5) D:8
Ossuary (visited)

Altars:
Ashenzari
Cheibriados
Dithmenos
Elyvilon
Fedhas
Gozag
Hepliaklqana
Kikubaaqudgha
Makhleb
Nemelex Xobeh
Okawaru
Qazlal
Ru
Sif Muna
Trog
Uskayaw
Vehumet
Wu Jian
Xom
Yredelemnul
Zin
The Shining One

Annotations:
D:8 4 transporters


Message History

The fire crab is lightly wounded.
You are engulfed in blazing flames.
You hit the fire crab but do no damage.
The fire crab is lightly wounded.
You are engulfed in blazing flames.
The fire crab breathes flames at you. The blast of flame engulfs you.
You hit the fire crab but do no damage.
The fire crab is lightly wounded.
The fire crab misses you.
The fire crab claws you but does no damage.
You hit the fire crab but do no damage.
The fire crab is lightly wounded.
You hit the fire crab but do no damage.
The fire crab is lightly wounded.
The fire crab bites you!
You are engulfed in flames!
* * * LOW HITPOINT WARNING * * *
The fire crab closely misses you.
You hit the fire crab.
The fire crab is lightly wounded.
The fire crab misses you. The fire crab completely misses you.
You hit the fire crab but do no damage.
The fire crab is lightly wounded.
Okay, then.
You hit the fire crab but do no damage.
The fire crab is lightly wounded.
The fire crab breathes flames at you.
The blast of flame engulfs you but does no damage.
You hit the fire crab but do no damage.
The fire crab is lightly wounded.
You are engulfed in blazing flames.
* * * LOW HITPOINT WARNING * * *
The fire crab breathes flames at you.
The blast of flame is repelled.
Unknown command.
Okay, then.
You hit the fire crab but do no damage.
The fire crab is lightly wounded.
You are engulfed in blazing flames.
You die...

###....####..#..##..###
###.........##...## ###
#...........>#...##
#.................##
##..................#
#.................##.#
#.........°......## #..
#.......°°°......# #..
#.......t@°......# ..
#.......°°°......#
#.##.#.#.#.##.....# #.
.§..§....#.....#
.....≈≈§........#
.#..≈§≈≈.≈.#....##
#...≈≈≈≈.≈≈......#
#.#.≈≈≈>.≈..#...
§.§.≈§≈.


You could see a fire crab.

Vanquished Creatures
  A wraith (D:7)
  A steam dragon (D:8)
  Edmund (D:4)
  Menkaure (Ossuary)
  A water moccasin (D:7)
  A black bear (D:5)
  2 ice beasts
  2 centaurs (D:7)
  An ogre (D:4)
  2 bullfrogs
  2 gnoll sergeants
  5 wights (D:8)
  3 howler monkeys
  2 centaur zombies (Ossuary)
  A bombardier beetle (D:5)
  7 hounds
  2 jellies
  A sleepcap (D:8)
  8 iguanas
  2 orc wizards
  3 ogre zombies (Ossuary)
  6 mummies (Ossuary)
  13 gnolls
  6 adders
  2 shadow imps
  4 white imps
  2 adder zombies (Ossuary)
  2 ribbon worms (D:5)
  4 dart slugs
  10 orcs
  10 ball pythons
  3 bats
  7 endoplasms
  A giant cockroach (D:1)
  12 goblins
  7 hobgoblins
  6 quokkas
  6 frilled lizards
  2 gnoll zombies
  7 goblin zombies (Ossuary)
  4 hobgoblin zombies (Ossuary)
  7 kobolds
  3 kobold zombies (Ossuary)
  3 quokka zombies (Ossuary)
  3 rats
  5 rat zombies (Ossuary)
184 creatures vanquished.

Notes
Turn   | Place    | Note
-------+----------+-------------------------------------------
     0 | D:1      | Jase the Hill Orc Monk began the quest for the Orb.
     0 | D:1      | Reached XP level 1. HP: 19/19 MP: 1/1
    93 | D:1      | Reached XP level 2. HP: 26/26 MP: 2/2
   146 | D:1      | Reached skill level 5 in Axes
   321 | D:1      | Reached XP level 3. HP: 3/31 MP: 3/3
   958 | D:2      | Found a faded altar of an unknown god.
  1109 | D:2      | Reached skill level 6 in Axes
  1446 | D:3      | Reached XP level 4. HP: 39/39 MP: 4/4
  1551 | D:3      | Found a shimmering altar of Xom.
  1551 | D:3      | Found a snail-covered altar of Cheibriados.
  1590 | D:3      | Identified the +0 leather armour of Vanity {Int+3}
  1803 | D:3      | Reached skill level 7 in Axes
  2191 | D:4      | Reached XP level 5. HP: 40/45 MP: 5/5
  2344 | D:4      | Noticed Edmund
  2379 | D:4      | Killed Edmund
  2380 | D:4      | Reached skill level 8 in Axes
  2380 | D:4      | Reached XP level 6. HP: 41/51 MP: 6/6
  2445 | D:4      | Reached skill level 9 in Axes
  3185 | D:5      | Entered Level 5 of the Dungeon
  3254 | D:5      | Reached skill level 10 in Axes
  3254 | D:5      | Reached XP level 7. HP: 50/57 MP: 7/7
  3432 | D:5      | Found a staircase to the Ecumenical Temple.
  3441 | Temple   | Entered the Ecumenical Temple
  3454 | Temple   | Became a worshipper of Uskayaw the Reveller
  3454 | Temple   | Reached * piety under Uskayaw
  3482 | D:5      | Reached ** piety under Uskayaw
  3774 | D:5      | Reached *** piety under Uskayaw
  3775 | D:5      | Reached skill level 1 in Armour
  3775 | D:5      | Reached skill level 1 in Invocations
  4014 | D:5      | Found a stormy altar of Qazlal.
  4014 | D:5      | Found a sacrificial altar of Ru.
  4192 | D:5      | Reached **** piety under Uskayaw
  4597 | D:6      | Reached skill level 11 in Axes
  4597 | D:6      | Reached XP level 8. HP: 58/64 MP: 10/10
  5296 | D:7      | Reached ***** piety under Uskayaw
  5297 | D:7      | Reached skill level 5 in Invocations
  5430 | D:7      | Found a sand-covered staircase.
  5451 | Ossuary  | Entered an ossuary
  5675 | Ossuary  | Noticed Menkaure
  5721 | Ossuary  | Killed Menkaure
  5722 | Ossuary  | Reached skill level 12 in Axes
  5915 | Ossuary  | Reached skill level 5 in Armour
  5915 | Ossuary  | Reached XP level 9. HP: 64/70 MP: 13/13
  7279 | D:8      | Reached skill level 13 in Axes
  7488 | D:8      | Found a transporter.
  7506 | D:8      | Found a transporter.
  7514 | D:8      | Found a transporter.
  7529 | D:8      | Found a transporter.
  7682 | D:8      | Found a staircase to the Lair.
  7683 | D:8      | Noticed a fire crab
  7703 | D:8      | HP: 1/73 [fire crab] (11)]
  7704 | D:8      | Engulfed by a fire crab's flame

Illustrated notes

Levels and vault maps discovered:
D:1:      saegor_arrival_simple_b, layout_rooms
D:2:      layout_loops_ring, basic_ecumenical_altar, serial_bayou_crossing
D:3:      layout_rooms, nicolae_overflow_squiral
D:4:      layout_basic, uniq_edmund
D:5:      minmay_general_purpose_star, layout_gridville,
          nicolae_overflow_two_pavilions, minmay_temple_entry_drinking_statues
D:6:      layout_loops_ring
D:7:      layout_gridville, enter_ossuary_3
D:8:      layout_cave_pods, minmay_lair_entry_lava,
          nicolae_transporter_intersection
Temple:   hc_temple_tempest_star

Skill      XL: |  1  2  3  4  5  6  7  8  9 |
---------------+----------------------------+-----
Axes           | 5 6 7 8 10 11 12 13 | 13.0
Armour         | 2 5 6 |  6.0
Invocations    | 3 6 8 |  8.1
Fighting       | 4 |  4.9
Dodging        | |  2.4

Action                     |  1- 3 |  4- 6 |  7- 9 || total
---------------------------+-------+-------+-------++-------
  Melee: Hand axe          |   100 |   121 |   544 ||   765
 Invoke: Line Pass         |       |       |     1 ||     1
  Evoke: Wand              |       |     4 |       ||     4
   Stab: Paralysed         |       |       |    30 ||    30
 Armour: Robe              |    38 |       |       ||    38
         Ring mail         |     9 |    33 |       ||    42
         Chain mail        |       |     4 |   178 ||   182
  Dodge: Dodged            |    52 |    90 |   340 ||   482
         Repelled          |       |       |     8 ||     8
